 Dungeon Crawl Stone Soup version 0.28-a0-691-gad6df49e81 (webtiles) character file.

Game seed: 9319596634252946845

2333 voltaire321 the Skirmisher (level 9, -1/68 HPs)
             Began as a Demonspawn Artificer on Oct 20, 2021.
             Was a Follower of Makhleb.
             Killed from afar by a steam dragon (9 damage)
             ... with a ball of steam
             ... on level 6 of the Dungeon.
             The game lasted 00:23:08 (6116 turns).

voltaire321 the Skirmisher (Demonspawn Artificer)   Turns: 6116, Time: 00:23:08

Health: -1/68      AC: 14    Str: 13    XL:     9   Next: 19%
Magic:  10/10      EV: 12    Int: 13    God:    Makhleb [*.....]
Gold:   300        SH: 10    Dex: 16    Spells: 8/8 levels left

rFire   . . .      SeeInvis .   i - +1 spear (vamp)
rCold   . . .      Faith    .   h - +0 buckler
rNeg    . . .      Spirit   .   B - +3 ring mail of Awe {Regen+}
rPois   .          Reflect  +   q - +0 helmet
rElec   .          Harm     .   k - +0 cloak
rCorr   .          Rampage  .   (no gloves)
Will    .....                   w - +0 pair of boots
Stlth   +.........              u - amulet of reflection
HPRegen 1.21/turn               (no ring)
MPRegen 0.12/turn               (no ring)

@: no status effects
A: slimy green scales 1, condensation shield, demonic touch 2
a: Renounce Religion


You were on level 6 of the Dungeon.
You worshipped Makhleb.
Makhleb was aware of your devotion.
You visited 2 branches of the dungeon, and saw 7 of its levels.

You collected 300 gold pieces.

Inventory:

Hand Weapons
 i - a +1 vampiric spear (weapon)
 l - a +2 dagger of venom
Armour
 h - a +0 buckler (worn)
 k - a +0 cloak (worn)
 q - a +0 helmet (worn)
 w - a +0 pair of boots (worn)
 B - the +3 ring mail of Awe (worn) {Regen+}
   (You found it on level 6 of the Dungeon)

   Regen:     It increases your rate of health regeneration.
Jewellery
 u - an amulet of reflection (around neck)
Wands
 c - a wand of flame (2) (quivered)
 d - a wand of charming (13)
 o - a wand of digging (7)
Scrolls
 f - a scroll of blinking {unknown}
 r - a scroll of teleportation
 t - 2 scrolls of enchant armour {unknown}
 v - a scroll of summoning {unknown}
 x - a scroll of amnesia {unknown}
 y - a scroll of holy word {unknown}
 z - a scroll of enchant weapon {unknown}
 A - 2 scrolls of identify
Potions
 a - a potion of berserk rage {unknown}
 b - a potion of attraction {unknown}
 g - 2 potions of haste {unknown}
 j - a potion of heal wounds {unknown}
 m - a potion of flight
 n - 3 potions of curing
 p - 2 potions of lignification
 s - a potion of magic
Miscellaneous
 e - a piece from Xom's chessboard (15/15)


   Skills:
 + Level 5.4 Fighting
 + Level 3.8 Polearms
 + Level 5.2 Armour
 + Level 4.9 Dodging
 - Level 0.8 Stealth
 - Level 4.0 Shields
 + Level 2.6 Invocations
 - Level 5.0 Evocations


You had 8 spell levels left.
You didn't know any spells.
Your spell library contained the following spells:

 Spells                   Type           Power      Damage    Failure   Level
 Animate Skeleton         Necr           0%         N/A       52%         1
 Pain                     Necr           0%         1d4       52%         1
 Static Discharge         Conj/Air       0%         N/A       67%         2
 Conjure Flame            Conj/Fire      0%         6-21      88%         3
 Ignite Poison            Fire/Tmut/Pois 0%         N/A       88%         3
 Vampiric Draining        Necr           0%         2d6       88%         3
 Sticky Flame             Conj/Fire      0%         2d3       99%         4
 Lightning Bolt           Conj/Air       0%         1d11      100%        5
 Maxwell's Capacitive Co  Air            0%         ∞         100%        8


Dungeon Overview and Level Annotations

Branches:
Dungeon (6/15)             Temple (1/1) D:4

Altars:
Ashenzari
Cheibriados
Dithmenos
Elyvilon
Fedhas
Gozag
Hepliaklqana
Kikubaaqudgha
Makhleb
Okawaru
Ru
Sif Muna
Uskayaw
Vehumet
Zin

Shops:
D:1 :


Innate Abilities, Weirdness & Mutations

You are partially covered in slimy green scales. (AC +2)
A meltable shield of frost defends you. (SH +0)
Your touch may inflict irresistible damage on your foes.


Message History

You hit the steam dragon but do no damage.
The steam dragon is heavily wounded.
You block the steam dragon's attack. The steam dragon barely misses you.
You hit the steam dragon.
The steam dragon is severely wounded.
The steam dragon breathes steam at you. The ball of steam hits you!!
* * * LOW HITPOINT WARNING * * *
You closely miss the steam dragon.
The steam dragon is severely wounded.
You are engulfed in a cloud of scalding steam.
The steam dragon bites you but does no damage.
You block the steam dragon's attack.
You hit the steam dragon.
You feel better.
The steam dragon is almost dead.
You are engulfed in a cloud of scalding steam.
You block the steam dragon's attack. The steam dragon barely misses you.
You hit the steam dragon.
The steam dragon is almost dead.
You are engulfed in a cloud of scalding steam.
* * * LOW HITPOINT WARNING * * *
The steam dragon breathes steam at you. The ball of steam hits you.
* * * LOW HITPOINT WARNING * * *
You closely miss the steam dragon.
The steam dragon is almost dead.
You are engulfed in a cloud of scalding steam.
The steam dragon bites you but does no damage.
The steam dragon barely misses you.
You barely miss the steam dragon.
The steam dragon is almost dead.
You are engulfed in a cloud of scalding steam.
* * * LOW HITPOINT WARNING * * *
You block the steam dragon's attack. The steam dragon closely misses you.
You closely miss the steam dragon.
The steam dragon is almost dead.
You are engulfed in a cloud of scalding steam.
The steam dragon breathes steam at you. The ball of steam hits you!
You die...

#.###.#####................§
.#####.o...........##.......##...
.......Z...ZZ##..<## ###....##...
###[...oZ...### .#.##....
#...####)#### ##.##.##.
#..#####.### #.##. #>## #...Z.#
##.#.. ### #...ZZ#####.# .......
#.....D@§...# #..#...
#.....####### #. #... #.....# #
#... #.....# #... #.....# ##..
####### ##. ##


You could see a steam dragon (catching breath), a wyvern zombie, a killer bee
zombie and a howler monkey zombie.

Vanquished Creatures
  Prince Ribbit (D:5)
  Sigmund (D:6)
  A water moccasin (D:5)
  Duvessa (D:4)
  A black bear (D:5)
  2 necrophages
  An ogre (D:5)
  2 phantoms
  A scorpion (D:5)
  Dowan (D:4)
  2 water moccasin skeletons
  A bullfrog zombie (D:5)
  6 hounds
  An orc priest (D:4)
  A jelly (D:4)
  A bullfrog skeleton (D:6)
  5 iguanas
  An orc wizard (D:4)
  A howler monkey zombie (D:5)
  4 gnolls (D:5)
  7 adders
  A shadow imp (D:5)
  An adder skeleton (D:4)
  A dart slug (D:1)
  16 orcs
  5 endoplasms
  4 giant cockroaches
  7 goblins
  6 hobgoblins
  5 kobolds
  A quokka (D:1)
  8 ball pythons
  5 bats
  4 frilled lizards
  5 rats
111 creatures vanquished.

Vanquished Creatures (collateral kills)
  Pikel (D:4)
1 creature vanquished.

Vanquished Creatures (others)
  A fungus (D:2)
  30 plants
31 creatures vanquished.

Grand Total: 143 creatures vanquished

Notes
Turn   | Place    | Note
-------+----------+-------------------------------------------
     0 | D:1      | voltaire321 the Demonspawn Artificer began the quest for
                  | the Orb.
     0 | D:1      | Reached XP level 1. HP: 15/15 MP: 1/1
    31 | D:1      | Found Vihozywn's Book Boutique.
    56 | D:1      | Reached skill level 1 in Dodging
   223 | D:1      | Gained mutation: You are partially covered in slimy green
                  | scales. (AC +2) [demonic ancestry]
   223 | D:1      | Reached XP level 2. HP: 17/21 MP: 2/2
  1016 | D:1      | Reached XP level 3. HP: 27/27 MP: 3/3
  1823 | D:2      | Found a faded altar of an unknown god.
  1923 | D:2      | Found an opulent altar of Gozag.
  2124 | D:3      | Reached skill level 1 in Shields
  2124 | D:3      | Gained mutation: A meltable shield of frost defends you.
                  | (SH +0) [demonic ancestry]
  2124 | D:3      | Reached XP level 4. HP: 30/33 MP: 4/4
  2560 | D:3      | Found a shimmering blue altar of Sif Muna.
  2582 | D:3      | Found an ancient bone altar of Kikubaaqudgha.
  2810 | D:4      | Reached XP level 5. HP: 34/39 MP: 5/5
  3178 | D:4      | Noticed Duvessa
  3179 | D:4      | Noticed Dowan
  3206 | D:4      | Killed Duvessa
  3207 | D:4      | Reached XP level 6. HP: 37/47 MP: 6/6
  3212 | D:4      | Killed Dowan
  3371 | D:4      | Found a staircase to the Ecumenical Temple.
  3387 | Temple   | Entered the Ecumenical Temple
  3394 | Temple   | Became a worshipper of Makhleb the Destroyer
  3731 | D:4      | Noticed Pikel
  3747 | D:4      | Killed Pikel
  3748 | D:4      | Reached skill level 1 in Polearms
  3748 | D:4      | Gained mutation: Your touch may inflict minor irresistible
                  | damage on your foes. [demonic ancestry]
  3748 | D:4      | Reached XP level 7. HP: 48/53 MP: 7/7
  4093 | D:4      | Reached skill level 5 in Evocations
  4229 | D:5      | Entered Level 5 of the Dungeon
  4252 | D:4      | Gained mutation: Your touch may inflict irresistible damage
                  | on your foes. [demonic ancestry]
  4252 | D:4      | Reached XP level 8. HP: 50/60 MP: 8/8
  5072 | D:5      | Reached skill level 5 in Fighting
  5078 | D:5      | Found a hazy altar of Hepliaklqana.
  5288 | D:5      | Found a broken altar of Ashenzari.
  5320 | D:5      | Noticed Prince Ribbit
  5359 | D:5      | Killed Prince Ribbit
  5360 | D:5      | Reached skill level 5 in Armour
  5360 | D:5      | Reached skill level 1 in Invocations
  5360 | D:5      | Reached XP level 9. HP: 56/68 MP: 8/10
  5540 | D:5      | Reached * piety under Makhleb
  5677 | D:6      | Identified the +3 ring mail of Awe {Regen+}
  5740 | D:6      | Noticed Sigmund
  5864 | D:6      | Found a sacrificial altar of Ru.
  6044 | D:6      | Killed Sigmund
  6116 | D:6      | Killed from afar by a steam dragon

Illustrated notes

Levels and vault maps discovered:
D:1:      roderic_octagonal_star, layout_basic, serial_shops, shop,
          hangedman_feature_mirror
D:2:      layout_rooms, shapermc_ecumenical_altar_petra, basic_altar,
          serial_bayou_pond_d
D:3:      layout_basic, mainiacjoe_overflow_alcove_1,
          lemuel_coloured_pillars_altar
D:4:      layout_loops_ring, minmay_temple_entry_offerings,
          minmay_misc_feat_pillars, chequers_serial_rivers_large_b, uniq_pikel,
          uniq_duvessa
D:5:      layout_rooms, mainiacjoe_overflow_catwalk,
          mainiacjoe_overflow_large_starburst, serial_bayou,
          serial_bayou_pond_b, serial_bayou_lagoon_a, serial_bayou_lagoon_b,
          serial_bayou_shore_b, uniq_prince_ribbit1
D:6:      layout_rooms, mainiacjoe_overflow_six_doors_small,
          mainiacjoe_overflow_catch_the_wave, minmay_door_square, uniq_sigmund
Temple:   compressed_dpeg_triangle_lava_temple

Skill      XL: |  1  2  3  4  5  6  7  8  9 |
---------------+----------------------------+-----
Dodging        | 1 2 3 4 |  4.9
Armour         | 2 3 4 5 |  5.2
Fighting       | 2 3 4 5 |  5.4
Shields        | 1 2 3 4 |  4.0
Evocations     | 4 5 |  5.0
Polearms       | 1 2 3 |  3.8
Invocations    | 1 2 |  2.6
Stealth        | |  0.8

Action                   |  1- 3 |  4- 6 |  7- 9 || total
-------------------------+-------+-------+-------++-------
Melee: Club              |    19 |       |       ||    19
       Dagger            |    83 |       |       ||    83
       Spear             |    73 |   167 |   525 ||   765
Evoke: Wand              |       |     7 |     8 ||    15
  Use: Scroll            |       |     7 |     1 ||     8
       Potion            |       |     1 |     2 ||     3
 Stab: Sleeping          |     3 |     1 |     1 ||     5
Armor: Leather armour    |    50 |    10 |       ||    60
       Scale mail        |       |    15 |    94 ||   109
       Ring mail         |       |       |    40 ||    40
Dodge: Dodged            |    97 |    32 |   148 ||   277
Block: Buckler           |    15 |    86 |   331 ||   432
       Reflection        |       |     2 |       ||     2

Table legend: (Time is in decaauts)
 A = Elapsed time spent in this place.
 B = Non-inter-level travel time spent in this place.
 C = Inter-level travel time spent in this place.
 D = Time resting spent in this place.
 E = Time spent auto-exploring this place.
 F = Levels seen in this place.
 G = Mean time per level.
                   A        B        C        D        E       F      G
               +--------+--------+--------+--------+--------+-----+--------+
         Total |   6199 |   6079 |    120 |    926 |   3276 |   7 |  885.6 |
       Dungeon |   5916 |   5796 |    120 |    926 |   3028 |   6 |  986.0 |
        Temple |    282 |    282 |      0 |      0 |    248 |   1 |  282.0 |
               +--------+--------+--------+--------+--------+-----+--------+

Top non-repeatable levels by time:
     D:4: 1354 daAuts
     D:5: 1274 daAuts
     D:1: 1266 daAuts
     D:3: 811 daAuts
     D:2: 780 daAuts
     D:6: 428 daAuts
  Temple: 282 daAuts
